 Dungeon Crawl Stone Soup version 0.23-a0-143-g1adec7b (webtiles) character file.

29 galech the Skirmisher (level 3, 25/29 HPs)
             Began as a Demonspawn Monk on Sept 4, 2018.
             Quit the game on level 2 of the Dungeon.
             The game lasted 00:01:15 (711 turns).

galech the Skirmisher (Demonspawn Monk)              Turns: 711, Time: 00:01:15

Health: 25/29      AC:  2    Str: 11    XL:     3   Next: 1%
Magic:  3/3        EV: 13    Int: 11    God:
Gold:   93         SH:  0    Dex: 16    Spells: 2/2 levels left

rFire    . . .     SeeInvis .   a - +0 hand axe
rCold    . . .     Gourm    .   (no shield)
rNeg     . . .     Faith    .   g - +0 robe (curse)
rPois    .         Spirit   .   (helmet restricted)
rElec    .         Reflect  .   (no cloak)
rCorr    .         Harm     .   (no gloves)
MR       .....                  (no boots)
Stlth    ++........             (no amulet)
HPRegen  0.09/turn              (no ring)
MPRegen  0.08/turn              (no ring)

@: no status effects
A: antennae 1, rot immunity
a: no special abilities


You were on level 2 of the Dungeon.
You were not hungry.

You visited 1 branch of the dungeon, and saw 2 of its levels.

You collected 93 gold pieces.

Inventory:

Hand Weapons
 a - a +0 hand axe (weapon)
Armour
 g - a cursed +0 robe (worn)
Scrolls
 b - 2 scrolls of remove curse {unknown}
 d - a scroll of magic mapping {unknown}
 j - a scroll of identify {unknown}
Potions
 e - a potion of ambrosia {unknown}
 h - a potion of curing {unknown}
 i - 2 potions of might {unknown}
Comestibles
 c - 2 rations
 f - 6 chunks of flesh


   Skills:
 + Level 3.3 Fighting
 + Level 3.1 Axes
 + Level 3.0 Dodging
 + Level 2.0 Stealth


You had 2 spell levels left.
You didn't know any spells.
Your spell library was empty.

Dungeon Overview and Level Annotations

Branches:
Dungeon (2/15)

Altars:


Innate Abilities, Weirdness & Mutations

You have a pair of small antennae on your head.
You are immune to rotting.


Message History

The hobgoblin misses you.
You completely miss the hobgoblin.
The hobgoblin is almost dead.
The hobgoblin hits you with a club.
You hit the hobgoblin.
You kill the hobgoblin!
The goblin misses you.
Some of the chunks of flesh in your inventory have rotted away.
You hit the goblin.
The goblin is heavily wounded.
The goblin barely misses you.
You hit the goblin.
You kill the goblin!
You have reached level 3!
Your experience leads to an increase in your attributes!
Increase (S)trength, (I)ntelligence, or (D)exterity?
You feel agile.
Your demonic ancestry asserts itself...
A pair of antennae grows on your head!
You barely miss the dart slug. The dart slug bites you.
Are you sure you want to abandon this character and quit the game? (Confirm

.. .. # #. . .##.
#.##..##########....
..# ....#....$.....
#.# #..<....w...#
#.#### #...w.....#
#....# ##..@).....#
#....###..........#
#....#....[.>.....#
#........##########
#....##### ######


You could see a worm and a dart slug.

Vanquished Creatures
  A leopard gecko (D:1)
  5 bats (D:1)
  2 giant cockroaches
  3 goblins
  6 hobgoblins
  3 frilled lizards (D:1)
  3 kobolds (D:1)
  3 rats (D:1)
26 creatures vanquished.

Notes
Turn   | Place    | Note
-------+----------+-------------------------------------------
     0 | D:1      | galech the Demonspawn Monk began the quest for the Orb.
     0 | D:1      | Reached XP level 1. HP: 18/18 MP: 1/1
   128 | D:1      | Gained mutation: You are immune to rotting. [demonic
                  | ancestry]
   128 | D:1      | Reached XP level 2. HP: 22/24 MP: 2/2
   710 | D:2      | Gained mutation: You have a pair of small antennae on your
                  | head. [demonic ancestry]
   710 | D:2      | Reached XP level 3. HP: 28/29 MP: 3/3
   711 | D:2      | Quit the game

Vault maps used:
D:1:      dpeg_arrival_oval, minmay_misc_feat_pillars, minivault_26,
          hangedman_decor_riveting, hex_tiny

Skill      XL: |  1  2 |
---------------+-------+-----
Dodging        | 3 |  3.0
Stealth        | 2 |  2.0
Axes           | 3 |  3.1
Fighting       | |  3.3

Action                   || total
-------------------------++-------
Melee: Hand axe          ||    84
 Stab: Sleeping          ||     8
Armor: Robe              ||    18
Dodge: Dodged            ||    55

Table legend:
 A = Non-vault XP
 B = Vault XP
 C = Vault XP percentage of total XP
 D = Non-vault monster count
 E = Vault monster count
 F = Vault count percentage of total count
                 A         B        C        D         E       F
            +---------+---------+-------+---------+---------+-------
      Total |      42 |       0 |   0.0 |      26 |       0 |   0.0
            +---------+---------+-------+---------+---------+-------
        D:1 |      34 |       0 |   0.0 |      22 |       0 |   0.0
        D:2 |       8 |       0 |   0.0 |       4 |       0 |   0.0
            +---------+---------+-------+---------+---------+-------
